 Dungeon Crawl Stone Soup version 0.20-a0-656-g9b0dcd9 (webtiles) character file.

4074 Messajah the Archer (level 10, 0/80 HPs)
             Began as a Centaur Hunter on Feb 16, 2017.
             Succumbed to a killer bee's poison
             ... on level 7 of the Dungeon.
             The game lasted 00:58:36 (12855 turns).

Messajah the Archer (Centaur Hunter)               Turns: 12855, Time: 00:58:37

Health: 0/80       AC: 17    Str: 22    XL:     10   Next: 5%
Magic:  9/9        EV:  9    Int: 10    God:
Gold:   476        SH:  0    Dex: 12    Spells: 9/9 levels left

rFire    . . .     SeeInvis .   a - +1 shortbow
rCold    . . .     Gourm    .   E - +1 ring mail {rPois}
rNeg     . . .     Faith    +   (shield currently unavailable)
rPois    +         Spirit   .   (no helmet)
rElec    .         Reflect  .   K - +2 cloak
rCorr    .         Harm     .   (no gloves)
MR       .....                  (no barding)
Stlth    ..........             G - amulet of faith
Regen    0.3/turn               c - +6 ring of protection
MPRegen  0.2/turn               M - +4 ring of strength

@: lethally poisoned (0 -> -17), very quick
A: hooves 3, agile 1, deformed body, speed 2, low mp 1, robust 1, tough skin 3,
wild magic 1
a: no special abilities


You were on level 7 of the Dungeon.
You were not hungry.

You visited 2 branches of the dungeon, and saw 9 of its levels.
You also visited: Ossuary.

You collected 476 gold pieces.

Inventory:

Hand Weapons
 a - a +1 shortbow (weapon)
 b - a +0 spear
 t - a +0 hunting sling
 O - a +0 trident
 P - a +0 scythe
Missiles
 d - 38 arrows (quivered)
 e - 233 stones
 x - 6 tomahawks
 z - 19 poisoned needles
 A - 3 throwing nets
 L - 4 tomahawks of dispersal
Armour
 u - a scarf of cold resistance
 E - a +1 ring mail of poison resistance (worn)
 J - a +3 leather armour
 K - a +2 cloak (worn)
Jewellery
 c - a +6 ring of protection (right hand)
 G - an amulet of faith (around neck)
 M - a +4 ring of strength (left hand)
Wands
 C - a wand of lightning (8/15)
 W - a wand of iceblast (6/15)
Scrolls
 i - 7 scrolls of teleportation {unknown}
 k - 8 scrolls of identify {unknown}
 n - 7 scrolls of remove curse {unknown}
 o - a scroll of blinking {unknown}
 p - a scroll of immolation {unknown}
 s - a scroll of enchant weapon {unknown}
 y - 4 scrolls of enchant armour {unknown}
 D - a scroll of fear {unknown}
 H - 4 scrolls of amnesia {unknown}
 Q - a scroll of magic mapping {unknown}
 R - a scroll of recharging {unknown}
 Z - a scroll of brand weapon {unknown}
Potions
 h - 5 potions of mutation
 j - 4 potions of magic {unknown}
 l - a potion of cancellation {unknown}
 q - 2 potions of brilliance {unknown}
 r - 4 potions of heal wounds {unknown}
 v - 6 potions of curing
 w - 2 potions of might {unknown}
 B - a potion of invisibility {unknown}
 F - a potion of flight {unknown}
 I - a potion of lignification {unknown}
 N - a potion of degeneration {unknown}
 S - a potion of ambrosia {unknown}
 T - 4 potions of agility {unknown}
 U - a potion of berserk rage {unknown}
Books
 Y - a book of Callings

   Spells                             Type                      Level
   a - Summon Small Mammal            Summoning                    1
   b - Call Imp                       Summoning                    2
   c - Call Canine Familiar           Summoning                    3
   d - Summon Guardian Golem          Hexes/Summoning              3
   e - Summon Lightning Spire         Summoning/Air                4
   f - Summon Ice Beast               Ice/Summoning                4
Comestibles
 f - 9 bread rations
 m - 5 meat rations


   Skills:
 - Level 2.0 Fighting
 - Level 6.0 Polearms
 - Level 14.0 Bows
 * Level 5.5 Armour
 - Level 1.3 Dodging
 - Level 0.4 Stealth


You had 9 spell levels left.
You didn't know any spells.

Dungeon Overview and Level Annotations

Branches:
Dungeon (8/15)             Temple (1/1) D:5
   Lair: D:8-11

Altars:
Ashenzari
Cheibriados
Dithmenos
Elyvilon
Gozag
Hepliaklqana
Kikubaaqudgha
Makhleb
Nemelex Xobeh
Qazlal
Ru
Sif Muna
Trog
Uskayaw
Vehumet
Xom
Yredelemnul
The Shining One

Shops:
D:4 [


Innate Abilities, Weirdness & Mutations

You have hooves in place of feet.
Armour fits poorly on your strangely shaped body.
You cover ground very quickly.
You have extremely tough skin. (AC +3)
You are agile. (Dex +2)
Your magical capacity is low. (-10% MP)
You are robust. (+10% HP)
Your spells are a little harder to cast, but a little more powerful.


Message History

Aim: a phantom (moderately damaged)
You shoot an arrow. The arrow hits the phantom.
The phantom is moderately damaged.
* * * LOW HITPOINT WARNING * * *
You feel sick.
Firing (i - inventory. (,) - cycle):
d - 39 arrows (quivered)
Press: ? - help, Shift-Dir - straight line, f/p - phantom
Aim: a phantom (moderately damaged)
You shoot an arrow. The arrow hits the phantom.
The phantom is moderately damaged.
* * * LOW HITPOINT WARNING * * *
You feel sick. The phantom barely misses you.
Firing (i - inventory. (,) - cycle):
d - 38 arrows (quivered)
Press: ? - help, Shift-Dir - straight line, f/p - phantom
Aim: a phantom (moderately damaged)
Okay, then.
It was a potion of mutation.
You feel extremely strange.
You feel less energetic.
You feel robust.
You feel agile.
You feel less in control of your magic.
You die...

#..........#.### #.#
###.##... #######.[#...#
#.# #.##.## #..##.## #.#
#.##.# #######..##.### #.#
#.##.## #...).........# #.#
##.#...# #.#####..##.#.##
#.# #....#.. #.#
#.........###.######..#...#
#.#
#.....................##.##
#.#
#...#....W@...######.###.##
#.# #...#..#.†##########.#
#... #.#
#......#((##.........# ####
#.# #..........>§#########
#.# #.####(.....W.^# ######
#.#
#.######..####.#######.....
#.# #........(#
#.........####
#.###########.##
########### #.............#


You could see a phantom.

Vanquished Creatures
  Grinder (D:3)
  2 hippogriffs
  Sigmund (D:5)
  Edmund (D:4)
  A water moccasin (D:7)
  2 orc warriors (D:6)
  A hornet zombie (D:8)
  An ice beast (D:6)
  A phantom (D:7)
  5 centaurs
  2 ogres
  3 bullfrogs
  A wyvern zombie (D:6)
  3 scorpions
  4 killer bees
  4 wights (D:7)
  5 howler monkeys
  2 crimson imps (D:7)
  2 centaur zombies (Ossuary)
  A bullfrog skeleton (D:4)
  A centaur skeleton (D:5)
  2 hounds
  A human zombie (Ossuary)
  5 orc wizards
  An orc priest (D:6)
  Terence (D:2)
  3 iguanas
  11 worker ants
  A hound zombie (D:5)
  A hound skeleton (D:4)
  2 mummies (Ossuary)
  10 adders
  4 gnolls
  A shadow imp (D:7)
  3 oozes
  An adder skeleton (D:7)
  An adder zombie (Ossuary)
  2 worms
  2 dart slugs
  3 leopard geckos
  24 orcs
  2 ball pythons
  6 giant cockroaches
  8 goblins
  4 hobgoblins
  20 jackals
  7 kobolds
  3 quokkas
  10 bats
  6 frilled lizards
  A goblin zombie (Ossuary)
  9 hobgoblin zombies (Ossuary)
  2 jackal zombies (Ossuary)
  8 kobold zombies (Ossuary)
  A leopard gecko skeleton (D:6)
  10 orc zombies (Ossuary)
  A quokka skeleton (D:4)
  10 rats
  3 rat zombies (Ossuary)
234 creatures vanquished.

Vanquished Creatures (others)
  A ball python zombie (D:5)
1 creature vanquished.

Grand Total: 235 creatures vanquished

Notes
Turn   | Place    | Note
-------+----------+-------------------------------------------
     0 | D:1      | Messajah the Centaur Hunter began the quest for the Orb.
     0 | D:1      | Reached XP level 1. HP: 17/17 MP: 1/1
   327 | D:1      | Reached XP level 2. HP: 24/24 MP: 2/2
   351 | D:1      | Reached skill level 6 in Bows
   980 | D:1      | Reached XP level 3. HP: 29/29 MP: 3/3
  1217 | D:2      | Noticed Terence
  1541 | D:2      | Reached skill level 1 in Polearms
  2424 | D:2      | Killed Terence
  2424 | D:2      | Reached XP level 4. HP: 22/36 MP: 4/4
  2675 | D:3      | Noticed Grinder
  3094 | D:3      | Paralysed by Grinder for 2 turns
  3104 | D:3      | Killed Grinder
  3104 | D:3      | Reached XP level 5. HP: 6/41 MP: 5/5
  3104 | D:3      | Reached XP level 6. HP: 7/48 MP: 6/6
  3448 | D:3      | Reached skill level 5 in Polearms
  4561 | D:4      | Found Noustryh's Armour Boutique.
  4638 | D:4      | Reached XP level 7. HP: 40/55 MP: 7/7
  4996 | D:4      | Reached skill level 7 in Bows
  5107 | D:4      | Found a sacrificial altar of Ru.
  5421 | D:4      | Found a radiant altar of Vehumet.
  5460 | D:4      | Reached skill level 8 in Bows
  5996 | D:5      | Entered Level 5 of the Dungeon
  6050 | D:5      | Noticed Sigmund
  6169 | D:5      | Noticed Edmund
  6496 | D:4      | Reached skill level 9 in Bows
  6603 | D:4      | Killed Edmund
  6753 | D:4      | Reached XP level 8. HP: 43/61 MP: 8/8
  6792 | D:4      | Reached skill level 10 in Bows
  7621 | D:5      | Killed Sigmund
  7621 | D:5      | Reached skill level 11 in Bows
  7896 | D:5      | Found a staircase to the Ecumenical Temple.
  7905 | Temple   | Entered the Ecumenical Temple
  8714 | D:6      | Reached skill level 12 in Bows
  8778 | D:6      | Found a bloodstained altar of Trog.
  9328 | D:6      | Reached skill level 13 in Bows
  9679 | D:6      | Found a shattered altar of Ashenzari.
  9714 | D:6      | Reached XP level 9. HP: 51/67 MP: 9/9
 10490 | D:7      | Found a hide-covered altar of Uskayaw.
 10704 | D:7      | Found a sand-covered staircase.
 10720 | Ossuary  | Entered an ossuary
 10973 | Ossuary  | Reached skill level 14 in Bows
 11143 | D:7      | Reached skill level 1 in Armour
 11719 | D:7      | Found a glowing golden altar of the Shining One.
 12250 | D:8      | Reached skill level 5 in Armour
 12521 | D:7      | Reached XP level 10. HP: 15/73 MP: 10/10
 12853 | D:7      | HP: 3/73 [poisoned by a killer bee]
 12854 | D:7      | HP: 1/73 [poisoned by a killer bee]
 12855 | D:7      | Gained mutation: Your magical capacity is low. (-10% MP) [potion of mutation]
 12855 | D:7      | Gained mutation: You are robust. (+10% HP) [potion of mutation]
 12855 | D:7      | Gained mutation: You are agile. (Dex +2) [potion of mutation]
 12855 | D:7      | Gained mutation: Your spells are a little harder to cast, but a little more powerful. [potion of mutation]
 12855 | D:7      | Succumbed to a killer bee's poison

Vault maps used:
D:1:      dpeg_arrival_rooms_c, serial_bayou_pond_d, minmay_small_reverse_x
D:2:      uniq_terence
D:3:      uniq_grinder
D:4:      lemuel_doored_altar, serial_shops, nicolae_shop_statue_plus,
          first_bread, nicolae_ru_awakened_eye
D:5:      minmay_temple_entry_large_hall, uniq_edmund, uniq_sigmund
D:6:      grunt_temple_overflow_open
D:7:      marbit_many_paths, overflow_temple_1_default, enter_ossuary_3
D:8:      zin_academy, serial_shops, shop, david_nohive_1
Temple:   nicolae_temple_figure_eight
Ossuary:  ossuary_tomb_1

Skill      XL: |  1  2  3  4  5  6  7  8  9 |
---------------+----------------------------+-----
Bows           | 6 9 13 14 | 14.0
Polearms       | 2 4 6 |  6.0
Armour         | 5 |  5.5
Fighting       | |  2.0
Dodging        | |  1.3
Stealth        | |  0.4

Action                   |  1- 3 |  4- 6 |  7- 9 | 10-12 || total
-------------------------+-------+-------+-------+-------++-------
Melee: Short sword       |    55 |       |       |       ||    55
       Kick              |    22 |    26 |   126 |     1 ||   175
       Spear             |   120 |   148 |   454 |     8 ||   730
 Fire: Shortbow          |    16 |    81 |   404 |    21 ||   522
  Use: Potion            |       |       |     2 |     1 ||     3
  Eat: Chunk             |     4 |     5 |    14 |       ||    23
       Royal jelly       |       |     1 |       |     1 ||     2
       Fruit             |       |       |     7 |       ||     7
Armor: Leather armour    |    57 |    39 |    18 |       ||   114
       Scale mail        |       |       |    22 |       ||    22
       Ring mail         |       |       |   198 |    22 ||   220
Dodge: Dodged            |    68 |    68 |   231 |    19 ||   386
